 Dungeon Crawl Stone Soup version 0.20.0-15-g7f486f2 (console) character file.

107 removed the Slasher (level 4, 0/27 HPs)
             Began as a Deep Elf Fighter on June 11, 2017.
             Killed by static electricity
             ... invoked by Inarius's ghost
              (6 damage)
             ... on level 3 of the Dungeon.
             The game lasted 00:03:09 (3206 turns).

removed the Slasher (Deep Elf Fighter)              Turns: 3206, Time: 00:03:09

Health: 0/27       AC:  6    Str: 13    XL:     4   Next: 56%
Magic:  6/6        EV:  6    Int: 11    God:
Gold:   50         SH:  8    Dex: 13    Spells: 3/3 levels left

rFire    . . .     SeeInvis .   a - +1 long sword
rCold    . . .     Gourm    .   c - +0 shield
rNeg     . . .     Faith    .   b - +0 scale mail
rPois    .         Spirit   .   (no helmet)
rElec    .         Reflect  .   (no cloak)
rCorr    .         Harm     .   (no gloves)
MR       .....                  (no boots)
Stlth    ..........             (no amulet)
Regen    0.1/turn               m - -2 ring of intelligence (curse)
MPRegen  0.1/turn               r - -2 ring of dexterity (curse)

@: no status effects
A: no striking features
a: no special abilities


You were on level 3 of the Dungeon.
You were hungry.

You visited 1 branch of the dungeon, and saw 3 of its levels.

You collected 50 gold pieces.

Inventory:

Hand Weapons
 a - a +1 long sword (weapon)
Armour
 b - a +0 scale mail (worn)
 c - a +0 shield (worn)
Jewellery
 m - a cursed -2 ring of intelligence (left hand)
 r - a cursed -2 ring of dexterity (right hand)
 x - an uncursed ring of wizardry {unknown}
Scrolls
 y - a scroll of immolation
Potions
 d - 2 potions of might
 n - a potion of berserk rage
 t - a potion of brilliance {unknown}
 w - 2 potions of degeneration {unknown}
Comestibles
 f - 4 bread rations
 h - 2 royal jellies
 l - 3 meat rations
 v - 7 chunks of flesh


   Skills:
 - Level 2.4 Fighting
 + Level 4.4 Long Blades
 - Level 2.4 Armour
 - Level 2.4 Shields


You had 3 spell levels left.
You didn't know any spells.

Dungeon Overview and Level Annotations

Branches:
Dungeon (3/15)

Altars:
Fedhas

Annotations:
D:3 Inarius's ghost, amateur DrAE


Message History

Inarius's ghost gestures wildly while chanting.
Inarius's ghost puts on a burst of speed!
You are feeling hungry.
Inarius's ghost whispers, "Death is liberation."
You block Inarius's ghost's attack.
Found 2 fruits.
Inarius's ghost casts a spell.
You are struck by lightning.
* * * LOW HITPOINT WARNING * * *
The lightning arcs!
Inarius's ghost is struck by lightning.
The lightning grounds out.
The jackal is struck by lightning.
The jackal dies!
The lightning arcs!
Inarius's ghost is struck by lightning.
The lightning arcs!
You are struck by lightning.
* * * LOW HITPOINT WARNING * * *
The lightning grounds out.
Unknown command.
Inarius's ghost casts a spell.
You are struck by lightning.
You die...

##.###...#)......#
##..†######..####.#
#.h.....%....#
##.g.#######.#
##.## #.# ... #.#
#.# #..# #.# #..
.... #W# ### #.<#
#@# #.. ... #.#
##.###.#
#<########...##.##
#.................
#.########...##.##
#.# ##.###.## #.#
#.###... #.#
######...#### #.#
#........#


You could see Inarius's ghost, a jackal and a goblin.

Vanquished Creatures
  3 adders
  An ooze (D:2)
  7 worms
  2 dart slugs (D:1)
  A leopard gecko (D:2)
  An orc (D:3)
  A ball python (D:3)
  4 bats
  3 giant cockroaches
  7 goblins
  5 hobgoblins
  A jackal (D:3)
  6 kobolds
  4 frilled lizards
  5 rats
51 creatures vanquished.

Vanquished Creatures (others)
  A jackal (D:3)
1 creature vanquished.

Grand Total: 52 creatures vanquished

Notes
Turn   | Place    | Note
-------+----------+-------------------------------------------
     0 | D:1      | removed the Deep Elf Fighter began the quest for the Orb.
     0 | D:1      | Reached XP level 1. HP: 13/13 MP: 3/3
    39 | D:1      | Reached skill level 2 in Long Blades
   122 | D:1      | Reached XP level 2. HP: 8/18 MP: 4/4
  1007 | D:2      | Reached skill level 3 in Long Blades
  1316 | D:2      | Reached XP level 3. HP: 21/22 MP: 5/5
  2079 | D:2      | Reached XP level 4. HP: 16/27 MP: 6/6
  2277 | D:2      | Reached skill level 4 in Long Blades
  2410 | D:2      | Found a blossoming altar of Fedhas.
  3159 | D:3      | Noticed Inarius's ghost (amateur DrAE)
  3206 | D:3      | Killed from afar by Inarius's ghost

Skill      XL: |  1  2  3  4 |
---------------+-------------+-----
Long Blades    | 2 3 4 |  4.4
Fighting       | |  2.4
Armour         | |  2.4
Shields        | |  2.4

Action                   |  1- 3 |  4- 6 || total
-------------------------+-------+-------++-------
Melee: Long sword        |   117 |    70 ||   187
  Use: Scroll            |       |     6 ||     6
  Eat: Chunk             |     4 |     3 ||     7
Armor: Scale mail        |    44 |    34 ||    78
Dodge: Dodged            |    31 |    18 ||    49
Block: Shield            |    40 |    30 ||    70
       Rpst.: Long sword |    15 |     4 ||    19
